 Dungeon Sprint DCSS version 0.22-a0-422-g9628fc87f1 (webtiles) character file.

11 Azzok the Skirmisher (level 2, 0/42 HPs)
             Began as a Minotaur Berserker on May 22, 2018.
             Was a Priest of Trog.
             Slain by a gnoll sergeant
             ... wielding a +0 trident
              (8 damage)
             ... in the Dungeon (Sprint IX: "|||||||||||||||||||||||||||||").
             The game lasted 00:00:09 (64 turns).

Azzok the Skirmisher (Minotaur Berserker)             Turns: 64, Time: 00:00:10

Health: 0/42       AC:  2    Str: 26    XL:     2   Next: 17%
Magic:  1/1        EV: 13    Int:  4    God:    Trog [***...]
Gold:   0          SH:  0    Dex:  9    Spells: 1/1 levels left

rFire    . . .     SeeInvis .   a - +0 falchion
rCold    . . .     Gourm    .   (no shield)
rNeg     . . .     Faith    .   b - +0 animal skin
rPois    .         Spirit   .   (helmet restricted)
rElec    .         Reflect  .   (no cloak)
rCorr    .         Harm     .   (no gloves)
MR       .....     NoTele   +   (no boots)
Stlth    ..........             (no amulet)
HPRegen  0.14/turn              (no ring)
MPRegen  0.07/turn              (no ring)

@: berserking, very quick
A: retaliatory headbutt, horns 2
a: Berserk, Trog's Hand, Renounce Religion


You were in the Dungeon.
You worshipped Trog.
Trog was most pleased with you.
You were not hungry.

You visited 1 branch

Inventory:

Hand Weapons
 a - a +0 falchion (weapon)
Armour
 b - a +0 animal skin (worn)
Scrolls
 i - a scroll of blinking
Potions
 d - a potion of curing
 e - a potion of heal wounds
 f - a potion of haste
 g - 2 potions of magic
 h - a potion of berserk rage
Comestibles
 c - a ration
 j - a chunk of flesh


   Skills:
 + Level 4.5 Fighting
 + Level 4.5 Long Blades
 + Level 3.5 Armour
 + Level 3.2 Dodging


You had one spell level left.
You didn't know any spells.
Your spell library was empty.

Dungeon Overview and Level Annotations

Branches:
Dungeon (1/1)

Altars:


Innate Abilities, Weirdness & Mutations

You reflexively headbutt those who attack you in melee.
You have a pair of horns on your head.


Message History

Trog accepts your kill.
Your Dodging skill increases to level 3!
The phantom hits you.
The phantom blinks!
You closely miss the orc. The orc closely misses you.
You riposte.
You slash the orc!
You kill the orc!
Trog accepts your kill.
You have reached level 2!
The leopard gecko closely misses you. You furiously retaliate!
You headbutt the leopard gecko!
You kill the leopard gecko!
Trog accepts your kill.
The gnoll sergeant hits you from afar with a trident!
* * * LOW HITPOINT WARNING * * *
Things that are here:
a leather armour; an orc corpse; a quokka corpse You feel a strong urge to attack something.
You closely miss the gnoll sergeant.
The gnoll sergeant hits you with a trident!
You die...

▓╬▓
▓·▓
▓·▓
▓g▓
▓@▓
▓[▓
▓'▓
▓·▓
▓·▓
▓W▓
▓(▓
▓·▓
▓(▓


You could see a phantom and a gnoll sergeant.

Vanquished Creatures
  A dart slug (D)
  A leopard gecko (D)
  An orc (D)
  A hobgoblin (D)
  A quokka (D)
  A kobold (D)
  2 rats (D)
8 creatures vanquished.

Vanquished Creatures (others)
  A spatial maelstrom (D)
1 creature vanquished.

Grand Total: 9 creatures vanquished

Notes
Turn   | Place    | Note
-------+----------+-------------------------------------------
     0 | D        | Azzok the Minotaur Berserker began the quest for the Orb.
     0 | D        | Reached XP level 1. HP: 19/19 MP: 0/0
     9 | D        | Reached ** piety under Trog
    16 | D        | Banished a spatial maelstrom
    53 | D        | Noticed a phantom
    53 | D        | Noticed a gnoll sergeant
    61 | D        | Reached *** piety under Trog
    61 | D        | Reached XP level 2. HP: 18/28 MP: 1/1
    64 | D        | Slain by a gnoll sergeant

Vault maps used:
D:        linesprint

Skill      XL: |  1 |
---------------+----+-----
Fighting       | 4 |  4.5
Long Blades    | 4 |  4.5
Armour         | 3 |  3.5
Dodging        | 3 |  3.2

Action                   || total
-------------------------++-------
Melee: Falchion          ||    14
       Headbutt          ||     2
Invok: Berserk           ||     1
Dodge: Dodged            ||    10
       Rpst.: Falchion   ||     1

Table legend:
 A = Spawn XP
 B = Non-spawn XP
 C = Spawn XP percentage of total XP
 D = Spawn monster count
 E = Non-spawn monster count
 F = Spawn count percentage of total count
 G = Total turns spent on level
                    A         B        C        D         E        F      G
               +---------+---------+-------+---------+---------+-------+---------
         Total |       0 |      17 |   0.0 |       0 |       8 |   0.0 |    64
               +---------+---------+-------+---------+---------+-------+---------
             D |       0 |      17 |   0.0 |       0 |       8 |   0.0 |    64
               +---------+---------+-------+---------+---------+-------+---------
